 Dungeon Crawl Stone Soup version 0.30.0-29-ga12c61a403 (webtiles) character file.

Game seed: 14163374925399550950

606 FishyPogo the Insei (level 7, -16/53 HPs)
             Began as a Gnoll Transmuter on June 19, 2023.
             Demolished by ChadusMaximus's ghost (18 damage)
             ... on level 5 of the Dungeon.
             The game lasted 00:10:31 (3396 turns).

FishyPogo the Insei (Gnoll Transmuter)              Turns: 3396, Time: 00:10:31

Health: -16/53     AC:  2    Str:  9    XL:     7   Next: 42%
Magic:  13/15      EV: 22    Int: 15    God:
Gold:   149        SH:  0    Dex: 17    Spells: 9/17 levels left

rFire   . . .        e - melded +2 dagger (venom)
rCold   . . .        (shield currently unavailable)
rNeg    . . .        a - melded +0 robe
rPois   x            (helmet currently unavailable)
rElec   .            i - melded scarf {+Inv}
rCorr   .            (gloves currently unavailable)
SInv    .            (boots currently unavailable)
Will    .....        (no amulet)
Stlth   ++           (no ring)
HPRegen 0.28/turn    (no ring)
MPRegen 0.14/turn

%: no passive effects
@: spider-form (expiring)
A: venomous fangs, tiny, (fangs 1), strong nose, distributed training
a: End Transformation


You were on level 5 of the Dungeon.
You were a venomous arachnid creature.
You visited 1 branch of the dungeon, and saw 5 of its levels.

You collected 149 gold pieces.

Inventory:

Hand Weapons
 e - a +2 dagger of venom (melded)
 q - a +3 heavy spear
 w - a +2 halberd of protection
Missiles
 c - 24 stones
 n - 3 atropa-tipped darts
Armour
 a - a +0 robe (melded)
 i - a scarf of invisibility (melded)
Magical Staves
 s - a staff of death
Scrolls
 d - 2 scrolls of identify
 g - a scroll of silence
 h - 3 scrolls of teleportation {unknown}
 k - a scroll of noise {unknown}
 o - a scroll of magic mapping
 p - a scroll of butterflies {unknown}
 r - a scroll of enchant weapon {unknown}
 u - a scroll of enchant armour {unknown}
 v - a scroll of blinking {unknown}
Potions
 b - a potion of lignification
 f - 4 potions of heal wounds {unknown}
 j - a potion of resistance
 l - a potion of berserk rage {unknown}
 m - 4 potions of degeneration {unknown}
 t - a potion of mutation {unknown}


   Skills:
 + Level 3.7 Fighting
 + Level 2.6 Short Blades
 + Level 2.6 Long Blades
 + Level 2.6 Axes
 + Level 2.6 Maces & Flails
 + Level 2.6 Polearms
 + Level 2.6 Staves
 + Level 2.6 Ranged Weapons
 + Level 2.6 Throwing
 + Level 2.6 Armour
 + Level 5.3 Dodging
 + Level 2.6 Stealth
 + Level 2.6 Shields
 + Level 7.1 Unarmed Combat
 + Level 5.6 Spellcasting
 + Level 2.1 Conjurations
 + Level 2.1 Hexes
 + Level 2.1 Summonings
 + Level 2.1 Necromancy
 + Level 2.1 Translocations
 + Level 4.3 Transmutations
 + Level 2.1 Fire Magic
 + Level 2.1 Ice Magic
 + Level 2.1 Air Magic
 + Level 2.1 Earth Magic
 + Level 2.1 Poison Magic
 + Level 2.9 Invocations
 + Level 2.6 Evocations


You had 9 spell levels left.
You knew the following spells:

 Your Spells              Type           Power      Damage    Failure   Level
a - Beastly Appendage     Tmut           34%        N/A       10%         1
b - Wereblood             Tmut           17%        N/A       12%         2
c - Spider Form           Tmut/Pois      14%        N/A       28%         3
d - Poisonous Vapours     Pois/Air       20%        N/A       24%         2

Your spell library contained the following spells:

 Spells                   Type           Power      Damage    Failure   Level
 Sting                    Tmut/Pois      56%        1d5       13%         1
 Ice Form                 Ice/Tmut       14%        N/A       58%         4
 Olgreb's Toxic Radiance  Pois           10%        N/A       75%         4


Dungeon Overview and Level Annotations

Branches:
Dungeon (5/15)
 Temple: D:4-7

Altars:
Qazlal
Yredelemnul

Annotations:
D:5 ChadusMaximus's ghost, novice FoFi


Innate Abilities, Weirdness & Mutations

You are a venomous arachnid creature.
You have venomous fangs.
You are tiny and dextrous.
Your spellcasting is less reliable in this form.
Your armour is entirely melded.
You are incapable of wielding weapons or throwing items.
((You have very sharp teeth.))
Your uncanny sense of smell can sniff out nearby items.
Your experience applies equally to all skills.


Message History

Confirm with . or Enter, or press ? or * to list all spells.
You turn into a venomous arachnid creature.
Your +2 dagger of venom melds into your body.
Your scarf of invisibility melds into your body.
Your +0 robe melds into your body.
Your +2 dagger of venom stops dripping with poison.
You open the door. The adder closely misses you.
You bite the adder!
You kill the adder!
You hit ChadusMaximus's ghost.
ChadusMaximus's ghost is lightly damaged.
You bite ChadusMaximus's ghost!
ChadusMaximus's ghost is moderately damaged.
ChadusMaximus's ghost hits you!!
You bite ChadusMaximus's ghost!
ChadusMaximus's ghost is moderately damaged.
ChadusMaximus's ghost misses you.
You hit ChadusMaximus's ghost but do no damage.
ChadusMaximus's ghost is moderately damaged.
ChadusMaximus's ghost closely misses you.
You hit ChadusMaximus's ghost.
ChadusMaximus's ghost is heavily damaged.
ChadusMaximus's ghost hits you.
You hit ChadusMaximus's ghost.
ChadusMaximus's ghost is heavily damaged.
ChadusMaximus's ghost hits you.
You hit ChadusMaximus's ghost.
ChadusMaximus's ghost is heavily damaged.
ChadusMaximus's ghost hits you!!
* * * LOW HITPOINT WARNING * * *
You hit ChadusMaximus's ghost but do no damage.
ChadusMaximus's ghost is heavily damaged.
Your transformation is almost over.
You hit ChadusMaximus's ghost but do no damage.
ChadusMaximus's ghost is heavily damaged.
ChadusMaximus's ghost completely misses you.
You hit ChadusMaximus's ghost but do no damage.
ChadusMaximus's ghost is heavily damaged.
ChadusMaximus's ghost hits you!!
You die...

,,,,,,,,,,,*** ##......,,,,,,,
,,,,,,,,,,** ##.....#*****,,,
,,,,,,,,,*** ##.....## *,,,
,,,***,,,,,** ###.......####**,,,
,,,**,,,,,,,* #.............,,,**
,,,,,,,,**#######..........,,,,**
,,,,,,,***~?~~~~†.......##***,,**
,,,,,,***########W.)))..<#***,,,*
,,,,,***,.......s...)##....,,,,,*
,,*,,,,,,...........##**...,,,,,,
,***,,,,,...#.......# *#..,,,,,,
** ***,,,.##.......## #..******
*,,**....###..# #.#* *
**,,,....#* #..## #.# *
**,,,,....** ##..# #.# *** *
**,,,,,###,,* ##.## ##.#####..
***,,,*,,* *,,* #..###.<.......


You could see ChadusMaximus's ghost.

Vanquished Creatures
  An orc warrior (D:5)
  An ogre (D:4)
  A howler monkey (D:4)
  2 hounds (D:4)
  A jelly (D:3)
  2 iguanas (D:4)
  9 adders
  8 gnolls
  An ufetubus (D:5)
  A worm (D:3)
  3 dart slugs
  6 orcs
  5 bats
  6 endoplasms
  A giant cockroach (D:2)
  5 goblins
  7 hobgoblins
  6 jackals (D:3)
  4 kobolds
  5 ball pythons
  7 frilled lizards
  6 rats
88 creatures vanquished.

Notes
Turn   | Place    | Note
-------+----------+-------------------------------------------
     0 | D:1      | FishyPogo the Gnoll Transmuter began the quest for the Orb.
     0 | D:1      | Reached XP level 1. HP: 17/17 MP: 6/6
   159 | D:1      | Reached XP level 2. HP: 23/23 MP: 5/7
   216 | D:1      | Learned a level 2 spell: Wereblood
   944 | D:1      | Reached skill level 5 in Spellcasting
   944 | D:1      | Reached XP level 3. HP: 28/28 MP: 6/9
   977 | D:1      | Learned a level 3 spell: Spider Form
  1036 | D:2      | Reached skill level 1 in Invocations
  1059 | D:2      | Found a basalt altar of Yredelemnul.
  1136 | D:2      | Reached skill level 1 in Short Blades
  1136 | D:2      | Reached skill level 1 in Long Blades
  1136 | D:2      | Reached skill level 1 in Axes
  1136 | D:2      | Reached skill level 1 in Maces & Flails
  1136 | D:2      | Reached skill level 1 in Polearms
  1136 | D:2      | Reached skill level 1 in Staves
  1136 | D:2      | Reached skill level 1 in Ranged Weapons
  1136 | D:2      | Reached skill level 1 in Throwing
  1136 | D:2      | Reached skill level 1 in Armour
  1136 | D:2      | Reached skill level 1 in Stealth
  1136 | D:2      | Reached skill level 1 in Shields
  1136 | D:2      | Reached skill level 1 in Evocations
  1171 | D:2      | Reached XP level 4. HP: 34/34 MP: 9/11
  1574 | D:3      | Reached skill level 1 in Conjurations
  1574 | D:3      | Reached skill level 1 in Hexes
  1574 | D:3      | Reached skill level 1 in Summonings
  1574 | D:3      | Reached skill level 1 in Necromancy
  1574 | D:3      | Reached skill level 1 in Translocations
  1574 | D:3      | Reached skill level 1 in Fire Magic
  1574 | D:3      | Reached skill level 1 in Ice Magic
  1574 | D:3      | Reached skill level 1 in Air Magic
  1574 | D:3      | Reached skill level 1 in Earth Magic
  1574 | D:3      | Reached skill level 1 in Poison Magic
  1786 | D:3      | Reached XP level 5. HP: 8/40 MP: 12/12
  2171 | D:3      | Found a stormy altar of Qazlal.
  2411 | D:4      | Learned a level 2 spell: Poisonous Vapours
  2517 | D:4      | Reached XP level 6. HP: 47/47 MP: 8/13
  2609 | D:4      | Reached skill level 5 in Dodging
  3078 | D:4      | Reached skill level 7 in Unarmed Combat
  3078 | D:4      | Reached XP level 7. HP: 21/52 MP: 15/15
  3275 | D:5      | Entered Level 5 of the Dungeon
  3315 | D:5      | Found a runed translucent door.
  3320 | D:5      | Noticed ChadusMaximus's ghost (novice FoFi)
  3392 | D:5      | HP: 1/53 [ChadusMaximus's ghost (18)]
  3396 | D:5      | Demolished by ChadusMaximus's ghost

Illustrated notes

Levels and vault maps discovered:
D:1:      dpeg_arrival_circle_labyrinth_c, layout_basic, serial_park_tiny_1,
          chequers_serial_rivers_room_b, hangedman_abyss_or_decor_stabs,
          minmay_misc_feat_pillars
D:2:      layout_basic, basic_altar
D:3:      layout_rooms, nicolae_qazlal_eye_of_the_storm
D:4:      layout_basic, serial_forest, infiniplex_forest_clump_small,
          infiniplex_forest_clump_double, infiniplex_forest_zigzag_1,
          infiniplex_forest_lined_ring, infiniplex_forest_clump_double,
          minmay_lizard_king
D:5:      layout_layer_cave, nicolae_hepliaklqana_ecumenical_no_more,
          nicolae_ossuary_entry_monument, ebering_ghost_sewer_d

Skill      XL: |  1  2  3  4  5  6  7 |
---------------+----------------------+-----
Spellcasting   | 5 |  5.6
Invocations    | 1 2 |  2.9
Short Blades   | 1 2 |  2.6
Long Blades    | 1 2 |  2.6
Axes           | 1 2 |  2.6
Maces & Flails | 1 2 |  2.6
Polearms       | 1 2 |  2.6
Staves         | 1 2 |  2.6
Ranged Weapons | 1 2 |  2.6
Throwing       | 1 2 |  2.6
Armour         | 1 2 |  2.6
Stealth        | 1 2 |  2.6
Shields        | 1 2 |  2.6
Evocations     | 1 2 |  2.6
Conjurations   | 1 2 |  2.1
Hexes          | 1 2 |  2.1
Summonings     | 1 2 |  2.1
Necromancy     | 1 2 |  2.1
Translocations | 1 2 |  2.1
Fire Magic     | 1 2 |  2.1
Ice Magic      | 1 2 |  2.1
Air Magic      | 1 2 |  2.1
Earth Magic    | 1 2 |  2.1
Poison Magic   | 1 2 |  2.1
Fighting       | 3 |  3.7
Transmutations | 4 |  4.3
Dodging        | 5 |  5.3
Unarmed Combat | 7 |  7.1

Action                     |  1- 3 |  4- 6 |  7- 9 || total
---------------------------+-------+-------+-------++-------
  Melee: Unarmed           |    24 |       |    38 ||    62
         Kick              |    14 |    30 |       ||    44
         Headbutt          |     3 |    22 |       ||    25
         Dagger            |    35 |   130 |     1 ||   166
         Bite              |     3 |    15 |       ||    18
         Punch             |     3 |     3 |       ||     6
   Cast: Beastly Appendage |    12 |    26 |     2 ||    40
         Wereblood         |     2 |     3 |     2 ||     7
         Poisonous Vapours |       |    10 |       ||    10
         Spider Form       |       |       |     3 ||     3
    Use: Scroll            |       |       |     3 ||     3
   Stab: Sleeping          |     1 |     1 |     1 ||     3
 Armour: Robe              |    14 |    12 |       ||    26
  Dodge: Dodged            |    50 |    68 |    37 ||   155
